 Dungeon Crawl Stone Soup version 0.24.0-2-g5b39cebb1c (webtiles) character file.

Game seed: 14864977898135087333, levelgen mode: deterministic

46 Mrkan the Caller (level 3, 0/42 HPs)
             Began as a Draconian Summoner on Oct 29, 2019.
             Succumbed to an adder's poison
             ... on level 2 of the Dungeon.
             The game lasted 00:04:07 (1475 turns).

Mrkan the Caller (Draconian Summoner)               Turns: 1475, Time: 00:04:08

Health: 0/42       AC: 21    Str: 10    XL:     3   Next: 46%
Magic:  6/6        EV:  2    Int: 16    God:
Gold:   47         SH:  0    Dex: 11    Spells: 3/6 levels left

rFire    . . .     SeeInvis .   e - +0 club
rCold    . . .     Gourm    .   (no shield)
rNeg     + + +     Faith    .   (armour unavailable)
rPois    +         Spirit   .   (helmet currently unavailable)
rElec    .         Reflect  .   (cloak currently unavailable)
rCorr    .         Harm     .   (gloves currently unavailable)
MR       .....     NoTele   +   (boots currently unavailable)
Stlth    ++........             (no amulet)
HPRegen  0.14/turn              (no ring)
MPRegen  0.10/turn              (no ring)

@: lethally poisoned (0 -> -9), tree-form, hasted, very quick
A: unfitting armour, wild magic 1, AC +5
a: no special abilities


You were on level 2 of the Dungeon.
You were not hungry.
You were a tree.
You visited 1 branch of the dungeon, and saw 2 of its levels.

You collected 47 gold pieces.

Inventory:

Hand Weapons
 e - a +0 club (weapon)
Missiles
 c - 11 poisoned darts (quivered)
Jewellery
 i - an uncursed ring of wizardry {unknown}
Scrolls
 a - a scroll of amnesia {unknown}
 f - a scroll of identify {unknown}
 h - 2 scrolls of remove curse {unknown}
Comestibles
 b - 4 rations
 d - a chunk of flesh


   Skills:
 + Level 1.2 Fighting
 + Level 2.2 Dodging
 - Level 1.7 Stealth
 + Level 2.4 Spellcasting
 * Level 4.5 Summonings


You had 3 spell levels left.
You knew the following spells:

 Your Spells              Type           Power        Failure   Level  Hunger
a - Summon Small Mammal   Summ           ###.         5%          1    #......
b - Call Imp              Summ           ###.....     8%          2    ###....

Your spell library contained the following spells:

 Spells                   Type           Power        Failure   Level  Hunger
 Call Canine Familiar     Summ           ###.....     14%         3    ###....
 Summon Guardian Golem    Hex/Summ       ##......     32%         3    ###....
 Summon Ice Beast         Ice/Summ       ##......     69%         4    #####..
 Summon Lightning Spire   Summ/Air       ##......     69%         4    #####..


Dungeon Overview and Level Annotations

Branches:
Dungeon (2/15)

Altars:


Innate Abilities, Weirdness & Mutations

((Your plain brown scales are hard. (AC +5)))
You cannot fit into any form of body armour.
((You are cold-blooded and may be slowed by cold attacks.))
((You are occasionally teleported next to monsters.))
Your spells are a little harder to cast, but a little more powerful.


Message History

The adder poisons you!
You barely miss the adder.
Your tail-slap misses the adder.
The adder is severely wounded.
* * * LOW HITPOINT WARNING * * *
You feel sick. The adder barely misses you. The adder bites you.
* * * LOW HITPOINT WARNING * * *
It was a potion of lignification.
You turn into a tree.
Your roots penetrate the ground.
* * * LOW HITPOINT WARNING * * *
You feel sick. The adder bites you but does no damage.
It was a potion of mutation.
You feel extremely strange.
You feel weirdly uncertain.
You feel less in control of your magic.
* * * LOW HITPOINT WARNING * * *
You feel sick.
The adder bites you but does no damage. x2
It was a potion of haste.
You feel yourself speed up.
* * * LOW HITPOINT WARNING * * *
You feel sick. The adder bites you but does no damage.
You hit the adder.
The adder is almost dead.
You die...

### ... .... ###
..... ..# .... .
...###.# ....
... .'.#.# .....
.....#S#.# .....
....$..♣.#......
########[#......
..........P+#
#######'#P..#
##### #....♣..#
#...# #....PPP#
#...###....#P[#
♣P.
#...'.....##..#
P.P..
#...####### #.#
#....P.


You could see an adder.

Vanquished Creatures
  2 oozes (D:1)
  A dart slug (D:1)
  3 leopard geckos (D:1)
  A giant cockroach (D:1)
  2 goblins (D:1)
  5 hobgoblins
  2 jackals (D:1)
  2 kobolds (D:1)
  A quokka (D:2)
  4 bats (D:1)
  A frilled lizard (D:1)
  2 rats (D:1)
26 creatures vanquished.

Vanquished Creatures (collateral kills)
  2 hobgoblins (D:1)
  3 kobolds (D:1)
  A frilled lizard (D:1)
6 creatures vanquished.

Grand Total: 32 creatures vanquished

Notes
Turn   | Place    | Note
-------+----------+-------------------------------------------
     0 | D:1      | Mrkan the Draconian Summoner began the quest for the Orb.
     0 | D:1      | Reached XP level 1. HP: 14/14 MP: 3/3
   387 | D:1      | Reached XP level 2. HP: 9/22 MP: 5/5
   610 | D:1      | Learned a level 2 spell: Call Imp
   912 | D:1      | Reached skill level 1 in Fighting
  1010 | D:1      | Reached XP level 3. HP: 21/28 MP: 6/6
  1473 | D:2      | Gained mutation: You are occasionally teleported next to
                  | monsters. [potion of mutation]
  1473 | D:2      | Gained mutation: Your spells are a little harder to cast,
                  | but a little more powerful. [potion of mutation]
  1473 | D:2      | HP: 2/42 [poisoned by an adder]
  1475 | D:2      | Succumbed to an adder's poison

Levels and vault maps discovered:
D:1:      lightli_arrival_maybe_door_vault, layout_loops_corners
D:2:      layout_basic, serial_forest, infiniplex_forest_clump_C,
          infiniplex_forest_lined_room_2, infiniplex_forest_fountain,
          infiniplex_forest_straight_3, infiniplex_forest_clump_tiny,
          infiniplex_forest_clump_small

Skill      XL: |  1  2 |
---------------+-------+-----
Dodging        | 2 |  2.2
Fighting       | 1 |  1.2
Stealth        | |  1.7
Spellcasting   | |  2.4
Summonings     | |  4.5

Action                   || total
-------------------------++-------
Melee: Unarmed           ||    40
       Tailslap          ||    23
       Club              ||    99
 Cast: Call Imp          ||     4
  Use: Potion            ||     3
 Stab: Sleeping          ||     3
  Eat: Chunk             ||     2
Armor: Skin              ||    63
Dodge: Dodged            ||   103
